 Dungeon Crawl Stone Soup version 0.29.1-1-gd02db6906a (webtiles) character file.

Game seed: 3802243583112438704

964 KamiKatze the Chopper (level 7, -11/87 HPs)
             Began as a Palentonga Berserker on Oct 5, 2022.
             Was a Priest of Trog.
             Mangled by a two-headed ogre
             ... wielding a +0 giant club
              (23 damage)
             ... on level 5 of the Dungeon.
             The game lasted 00:14:07 (3791 turns).

KamiKatze the Chopper (Palentonga Berserker)        Turns: 3791, Time: 00:14:08

Health: -11/87     AC: 14    Str: 30    XL:     7   Next: 93%
Magic:  7/7        EV: 10    Int:  8    God:    Trog [***...]
Gold:   252        SH:  0    Dex: 15    Spells: 6/6 levels left

rFire   . . .      SeeInvis +   a - +1 hand axe
rCold   . . .      Faith    .   (no shield)
rNeg    + + .      Spirit   .   h - +0 ring mail
rPois   .          Reflect  .   g - +0 helmet
rElec   .          Harm     .   (no cloak)
rCorr   .          Rampage  .   (no gloves)
Will    .....                   (no barding)
Stlth   ..........              (no amulet)
HPRegen 0.24/turn               k - +6 ring of strength
MPRegen 0.10/turn               x - ring of Mavup {rN++ Dex+6 Stlth+}

@: berserking, curled up, very quick
A: large, rugged brown scales 3, see invisible, deformed body, roll 1, armoured
tail, reflexive curl
a: Rolling Charge, Renounce Religion, Berserk, Trog's Hand


You were on level 5 of the Dungeon.
You worshipped Trog.
Trog was most pleased with you.
You visited 2 branches of the dungeon, and saw 6 of its levels.

You collected 341 gold pieces.
You spent 89 gold pieces at shops.

Inventory:

Hand Weapons
 a - a +1 hand axe (weapon)
 q - a +1 mace of protection
 r - a +0 dagger of venom
 w - the +5 mace of the Beginning {vorpal, rCorr Str+3 Int-3 Dex+3}
   (You found it on level 3 of the Dungeon)

   It inflicts extra damage upon your enemies.
   Str:       It affects your strength (+3).
   Int:       It affects your intelligence (-3).
   Dex:       It affects your dexterity (+3).
   rCorr:     It protects you from acid and corrosion.
Missiles
 b - a throwing net (quivered)
Armour
 g - a +0 helmet (worn)
 h - a +0 ring mail (worn)
Jewellery
 k - a +6 ring of strength (left hand)
 x - the ring of Mavup (right hand) {rN++ Dex+6 Stlth+}
   (You found it on level 4 of the Dungeon)

   [ring of dexterity]

   Dex:       It affects your dexterity (+6).
   rN:        It greatly protects you from negative energy.
   Stlth:     It makes you more stealthy.
 z - a ring of protection from cold
Scrolls
 f - a scroll of vulnerability
 i - 2 scrolls of teleportation
 m - a scroll of torment {unknown}
 n - a scroll of immolation {unknown}
 o - a scroll of enchant weapon
 s - 2 scrolls of poison
 v - a scroll of brand weapon {unknown}
 y - a scroll of fog {unknown}
Potions
 c - a potion of berserk rage {unknown}
 d - 3 potions of curing
 e - 2 potions of cancellation {unknown}
 j - a potion of flight {unknown}
 l - a potion of resistance {unknown}
 p - 3 potions of attraction
 t - 3 potions of brilliance {unknown}
 u - a potion of might {unknown}


   Skills:
 + Level 4.9 Fighting
 * Level 6.5 Axes
 + Level 3.6 Armour
 + Level 3.7 Dodging


You had 6 spell levels left.
You didn't know any spells.
Your spell library was empty.

Dungeon Overview and Level Annotations

Branches:
Dungeon (5/15)             Temple (1/1) D:4

Altars:
Elyvilon
Fedhas
Hepliaklqana
Nemelex Xobeh
Okawaru
Ru
Sif Muna
Trog
Vehumet
Yredelemnul

Shops:
D:1 *   D:4 ?


Innate Abilities, Weirdness & Mutations

You are completely covered in rugged brown scales. (AC +3, +7% HP)
You have supernaturally acute eyesight. (SInv)
Armour fits poorly on your strangely shaped body.
You can roll at nearby foes to attack.
You have a long armoured tail.
You curl defensively after being hit. (AC +7*)


Message History

You barely miss the ogre.
The two-headed ogre shouts in stereo!
Your tail-slap misses the ogre.
The ogre is heavily wounded.
The ogre closely misses you.
You closely miss the ogre. You tail-slap the ogre.
The ogre is severely wounded.
You barely miss the ogre.
The ogre is severely wounded.
The ogre closely misses you.
You hit the ogre.
The ogre is severely wounded.
The ogre closely misses you.
You slash the ogre!
You kill the ogre!
Trog accepts your kill.
Roll where?
Press: ? - help, Dir - move target, f - two-headed ogre
Aim: a two-headed ogre, wielding a +0 giant club and a +0 giant spiked club You roll forward with a clatter of scales!
You slice the two-headed ogre!!
The two-headed ogre is moderately wounded.
The two-headed ogre hits you with a +0 giant club!
The two-headed ogre hits you with a +0 giant spiked club!
A gnoll comes into view. It is wielding a +0 spear.
A red film seems to cover your vision as you go berserk!
You feel yourself moving faster!
You feel mighty!
The gnoll shouts!
The two-headed ogre hits you with a +0 giant club!!
* * * LOW HITPOINT WARNING * * *
The two-headed ogre hits you with a +0 giant spiked club!
* * * LOW HITPOINT WARNING * * *
You hit the two-headed ogre. You tail-slap the two-headed ogre.
The two-headed ogre is heavily wounded.
You barely miss the two-headed ogre. You tail-slap the two-headed ogre!
The two-headed ogre is severely wounded.
The two-headed ogre hits you with a +0 giant club!!
* * * LOW HITPOINT WARNING * * *
The two-headed ogre hits you with a +0 giant spiked club!!
You die...

#.# #.# #.# #.# #.#
####.# #.# #...<# #.#
#)#### #<# #.# #.# #.# #
######°######.########.#
#......)@..............#
#.#######O###...........
#.g...#...#...#
##.....#...#
#.......#..$#
#..#...#...#l..#
#..#..#...#...#.
#..#...........
#.......#...#...


You could see a two-headed ogre and a gnoll.

Vanquished Creatures
  Sigmund (D:2)
  A sky beast (D:5)
  2 ogres (D:5)
  A phantom (D:4)
  3 scorpions
  A hound (D:5)
  A jelly (D:5)
  3 iguanas
  An orc wizard (D:5)
  Robin (D:3)
  2 adders
  3 worms
  6 orcs (D:3)
  4 endoplasms
  5 giant cockroaches
  11 hobgoblins
  8 jackals
  8 kobolds
  2 quokkas
  8 ball pythons
  3 bats
  2 frilled lizards
  15 goblins
  3 rats
  A butterfly (D:4)
96 creatures vanquished.

Notes
Turn   | Place    | Note
-------+----------+-------------------------------------------
     0 | D:1      | KamiKatze the Palentonga Berserker began the quest for the
                  | Orb.
     0 | D:1      | Reached XP level 1. HP: 19/19 MP: 1/1
   128 | D:1      | Reached XP level 2. HP: 25/25 MP: 2/2
   420 | D:1      | Found Xieli's Assorted Antiques.
   573 | D:2      | Reached ** piety under Trog
   586 | D:2      | Reached XP level 3. HP: 17/29 MP: 3/3
   683 | D:2      | Found a radiant altar of Vehumet.
   782 | D:2      | Found a faded altar of an unknown god.
   905 | D:2      | Noticed Sigmund
   959 | D:2      | Killed Sigmund
   960 | D:2      | Reached skill level 4 in Axes
   960 | D:2      | Reached XP level 4. HP: 39/39 MP: 4/4
   960 | D:2      | Reached XP level 5. HP: 44/44 MP: 5/5
  1552 | D:1      | Bought a scroll labelled DUNTEY QAYSHOO for 23 gold pieces
  1552 | D:1      | Bought a scroll labelled RUQOOM FUHEXUA for 23 gold pieces
  1552 | D:1      | Bought a ruby potion for 20 gold pieces
  1552 | D:1      | Bought a scroll labelled HAHOPU RUNTE for 23 gold pieces
  1899 | D:3      | Noticed Robin
  1920 | D:3      | Killed Robin
  1920 | D:3      | Reached *** piety under Trog
  1921 | D:3      | Reached XP level 6. HP: 46/50 MP: 6/6
  1969 | D:3      | Identified the +5 mace of the Beginning {vorpal, rCorr
                  | Str+3 Int-3 Dex+3}
  2473 | D:4      | Found a basalt altar of Yredelemnul.
  2548 | D:4      | Reached skill level 5 in Axes
  2753 | D:4      | Identified the ring of Mavup {rN++ Dex+6 Stlth+}
  2760 | D:4      | Found a staircase to the Ecumenical Temple.
  2772 | Temple   | Entered the Ecumenical Temple
  3011 | D:4      | Found Tal Wye's Magic Scroll Emporium.
  3433 | D:5      | Entered Level 5 of the Dungeon
  3516 | D:5      | Gained mutation: You curl defensively after being hit. (AC
                  | +7*) [Palentonga growth]
  3516 | D:5      | Reached XP level 7. HP: 50/58 MP: 7/7
  3520 | D:5      | Noticed a troll
  3641 | D:5      | Reached skill level 6 in Axes
  3771 | D:5      | Noticed a two-headed ogre
  3791 | D:5      | Mangled by a two-headed ogre

Illustrated notes

Levels and vault maps discovered:
D:1:      wander_arrival_peaceful_grave, layout_loops_cross, serial_shops,
          nicolae_shop_crystal
D:2:      layout_basic, shapermc_ecumenical_altar_mp_vishouse, basic_altar,
          uniq_sigmund
D:3:      layout_loops_cross, uniq_robin
D:4:      layout_basic, mainiacjoe_overflow_small_starburst,
          minmay_temple_entry_butterflies, serial_shops, shop, bh_walls_and_bars
D:5:      cheibrodos_fzero, layout_loops_ring, mainiacjoe_overflow_alcove_1,
          kennysheep_mini_moat, pdpol_wu_jian_five_deadly_venoms
Temple:   hellmonk_temple_beads

Skill      XL: |  1  2  3  4  5  6  7 |
---------------+----------------------+-----
Armour         | 2 3 |  3.6
Dodging        | 2 3 |  3.7
Axes           | 4 5 6 |  6.5
Fighting       | 4 |  4.9

Action                   |  1- 3 |  4- 6 |  7- 9 || total
-------------------------+-------+-------+-------++-------
Melee: Hand axe          |    83 |   122 |    45 ||   250
       Tailslap          |    17 |    22 |    11 ||    50
       Punch             |       |     1 |     1 ||     2
Throw: Throwing net      |       |     1 |       ||     1
Invok: Berserk           |     2 |     1 |     2 ||     5
 Abil: Rolling Charge    |    16 |    17 |     4 ||    37
  Use: Scroll            |       |     7 |       ||     7
 Stab: Sleeping          |       |       |     1 ||     1
Armor: Animal skin       |    27 |     7 |       ||    34
       Ring mail         |       |    39 |    11 ||    50
Dodge: Dodged            |    31 |    49 |    11 ||    91
